Map: Emerald City LE

Players

Cthulhu - Winner!

  • Race: Terran Terran
  • Spawn Location: 11:00

Throwfordays - Winner!

  • Race: Protoss Protoss
  • League: Silver
  • Spawn Location: 11:00

Whales

  • Race: Zerg Zerg
  • League: Silver
  • Spawn Location: 5:00

BigGoober

  • Race: Terran Terran
  • Spawn Location: 5:00

VOD

Have the link to the VOD?

Description

Time

  • Played on: Feb. 13, 2019, 9:22 p.m.
  • Length: 15:17
Show
View Real Time Build Order
Export as new Build Order

Cthulhu Terran - Winner!

Build Orders: Reaper Expand, Mech 

Get SALT Encoding   

  12  0:01  SCV  
  13  0:13  SCV  
  14  0:25  SCV  
  14  0:26  Supply Depot  
  15  0:48  SCV  
  15  0:49  Refinery  
  16  0:50  Barracks  
  16  1:00  Barracks  
  16  1:02  SCV  
  17  1:15  SCV  
  18  1:27  SCV  
  19  1:35  Refinery  
  19  1:40  Orbital Command  
  19  1:57  Command Center  
  19  2:05  Reaper  
  19  2:06  Reaper  
  21  2:12  SCV  
  22  2:26  SCV  
  23  2:40  Supply Depot  
  23  2:48  Factory  
  23  2:50  Engineering Bay  
  23  3:01  Marine  
  23  3:02  Marine, SCV  
  26  3:38  SCV  
  26  3:39  Orbital Command  
  26  3:40  Marine x2  
  29  3:47  Refinery, Factory Tech Lab  
  29  3:51  Factory  
  29  3:52  Factory  
  29  3:56  Armory  
  29  3:58  SCV  
  29  4:23  Marine x2, SCV x2  
  32  4:35  SCV  
  32  4:36  SCV  
  32  4:37  Factory Tech Lab x2  
  35  4:52  SCV  
  35  4:53  SCV  
  35  4:54  Marine  
  35  4:55  Marine  
  38  5:00  Widow Mine x2  
  38  5:01  Widow Mine, Drilling Claws  
  38  5:05  Infernal Pre-Igniter  
  44  5:07  SCV  
  44  5:11  SCV  
  46  5:16  Supply Depot  
  46  5:37  Supply Depot  
  46  5:38  SCV x2  
  48  5:46  Supply Depot  
  51  5:50  Siege Tank x2  
  51  5:56  Starport  
  54  5:59  Supply Depot, Siege Tank  
  54  6:00  Terran Vehicle Weapons Level 1  
  57  6:06  SCV x2  
  59  6:20  Barracks Tech Lab  
  59  6:22  Supply Depot  
  59  6:26  Thor  
  59  6:28  Hellion  
  59  6:31  Hellion  
  59  6:32  Starport Reactor  
  69  6:43  Combat Shield  
  69  6:47  Supply Depot  
  69  6:48  Marine  
  69  6:50  Hellion  
  72  7:07  Sensor Tower  
  72  7:10  SCV x2  
  72  7:14  Command Center  
  74  7:18  Sensor Tower  
  74  7:22  Medivac  
  76  7:27  Refinery  
  78  7:37  Hellion x3  
  78  7:41  SCV x2  
  84  8:04  Sensor Tower  
  84  8:07  Sensor Tower  
  84  8:11  Hellion x3  
  90  8:14  Marine x2  
  80  8:49  Thor x2  
  80  8:50  Thor  
  98  8:57  Orbital Command  
  98  9:04  Missile Turret  
  98  9:09  Terran Infantry Weapons Level 1  
  98  9:10  Viking  
  98  9:13  Refinery  
  98  9:14  Refinery  
  100  9:43  Hellion x3  
  106  9:54  Command Center  
  106  10:22  Command Center  
  106  10:37  Medivac  
  106  10:41  Terran Vehicle Weapons Level 2  
  106  10:42  Thor, Viking  
  108  10:46  Hellion x2  
  120  11:14  Widow Mine x2  
  120  11:15  Viking, Medivac  
  128  11:26  Widow Mine  
  130  11:41  Orbital Command x2  
  130  11:46  Refinery, SCV x2  
  126  12:08  SCV  
  127  12:14  Refinery, SCV x2  
  129  12:19  Marine, Marauder  
  129  12:20  Thor, SCV, Siege Tank  
  129  12:21  Siege Tank  
  145  12:28  Supply Depot x2  
  145  12:41  Terran Infantry Armor Level 1  
  145  12:59  Medivac  
  145  13:00  Viking  
  145  13:04  Marine x2  
  151  13:22  Marine  
  151  13:27  Thor x3  
  152  13:28  Hellion x3  
  152  13:32  Stimpack  
  170  13:38  Refinery  
Show
View Real Time Build Order
Export as new Build Order

Throwfordays Protoss - Winner!

Build Orders: Cannon Rush, Forge Fast Expand (FFE) 

Get SALT Encoding   

  12  0:00  Probe  
  13  0:13  Probe  
  14  0:18  Pylon  
  14  0:25  Probe  
  15  0:37  Probe  
  15  0:41  Forge  
  16  0:49  Probe  
  17  1:12  Nexus  
  17  1:18  Pylon  
  17  1:24  Assimilator  
  17  1:39  Photon Cannon  
  17  1:46  Photon Cannon  
  17  1:55  Photon Cannon  
  17  2:04  Photon Cannon  
  17  2:10  Probe  
  18  2:22  Probe  
  19  2:23  Pylon  
  19  2:26  Probe  
  20  2:34  Probe x2  
  21  2:42  Probe  
  22  2:48  Probe  
  23  2:54  Probe  
  23  2:56  Probe  
  26  3:05  Probe  
  26  3:06  Probe  
  26  3:10  Gateway  
  28  3:17  Assimilator  
  28  3:18  Probe x2  
  28  3:19  Pylon  
  30  3:29  Probe  
  31  3:35  Probe  
  31  3:37  Probe  
  32  3:45  Probe  
  32  3:47  Probe  
  35  3:56  Probe  
  35  3:59  Probe  
  35  4:02  Cybernetics Core  
  37  4:08  Probe  
  38  4:11  Probe  
  38  4:15  Assimilator  
  39  4:19  Assimilator  
  39  4:20  Probe  
  39  4:23  Probe  
  41  4:26  Photon Cannon  
  41  4:30  Photon Cannon  
  41  4:33  Photon Cannon  
  41  4:35  Probe  
  41  4:36  Probe  
  41  4:37  Photon Cannon  
  43  4:42  Protoss Ground Weapons Level 1  
  43  4:43  Protoss Air Weapons Level 1  
  43  4:48  Probe x2  
  43  4:52  Stargate  
  45  4:54  Robotics Facility  
  45  5:02  Cybernetics Core  
  45  5:06  Pylon  
  45  5:09  Pylon  
  45  5:12  Pylon  
  45  5:16  Pylon  
  45  5:18  Pylon  
  45  5:20  Pylon  
  45  5:24  Pylon  
  45  5:35  Twilight Council  
  45  5:42  Robotics Facility  
  45  5:43  Warp Gate  
  45  5:46  Robotics Facility  
  45  5:49  Robotics Facility  
  45  6:00  Robotics Bay  
  45  6:01  Fleet Beacon  
  45  6:11  Forge  
  45  6:29  Protoss Ground Armor Level 1  
  45  6:34  Nexus  
  45  6:36  Pylon  
  45  6:37  Extended Thermal Lance  
  45  6:40  Protoss Air Armor Level 1  
  45  6:54  Observer x2  
  47  7:01  Assimilator  
  47  7:02  Assimilator  
  47  7:06  Photon Cannon  
  47  7:08  Photon Cannon  
  47  7:10  Photon Cannon  
  47  7:13  Photon Cannon  
  47  7:15  Photon Cannon  
  47  7:16  Photon Cannon  
  47  7:46  Probe  
  47  7:49  Probe  
  49  7:52  Probe  
  50  7:59  Probe  
  50  8:01  Probe  
  50  8:05  Probe  
  53  8:13  Probe  
  53  8:17  Probe  
  55  8:26  Probe  
  56  8:29  Probe  
  57  8:38  Probe  
  57  8:41  Probe  
  59  8:44  Protoss Ground Weapons Level 2  
  59  8:49  Protoss Shields Level 1  
  59  8:58  Phoenix  
  59  9:00  Protoss Air Weapons Level 2, Anion Pulse-Crystals  
  59  9:01  Protoss Air Armor Level 2  
  61  9:32  Colossus x4  
  85  9:43  Stargate  
  85  9:45  Stargate  
  85  9:50  Pylon  
  85  9:52  Pylon  
  85  9:55  Pylon  
  85  10:16  Stargate  
  85  10:17  Stargate  
  85  10:19  Stargate  
  85  11:16  Protoss Ground Weapons Level 3  
  85  11:22  Protoss Ground Armor Level 2  
  85  11:53  Void Ray x2  
  85  11:54  Void Ray x4  
  109  12:03  Protoss Air Weapons Level 3  
  109  12:07  Nexus  
  109  12:09  Pylon  
  109  12:19  Assimilator  
  109  12:23  Assimilator  
  109  12:34  Observer  
  109  12:36  Void Ray x4  
  122  12:37  Void Ray x2  
  134  13:04  Probe  
  135  13:16  Probe  
  136  13:29  Void Ray x3  
  136  13:30  Void Ray  
  152  13:34  Probe  
  153  13:46  Probe  
  154  13:58  Probe  
  154  13:59  Nexus, Void Ray x2  
  163  14:11  Probe  
  163  14:12  Void Ray x2  
  172  14:23  Probe  
Show
View Real Time Build Order
Export as new Build Order

Whales Zerg 

Build Orders: Pool First 

Get SALT Encoding   

  12  0:24  Drone  
  12  0:25  Drone, Overlord  
  14  0:39  Spawning Pool  
  14  0:41  Drone  
  14  0:58  Drone x2  
  16  1:22  Drone  
  16  1:23  Drone  
  18  1:28  Extractor  
  18  1:29  Queen  
  18  1:32  Drone  
  20  2:06  Drone x2  
  20  2:08  Overlord  
  22  2:20  Hatchery  
  21  2:28  Drone  
  22  2:55  Metabolic Boost  
  22  2:56  Hatchery  
  21  2:59  Drone x2  
  21  3:00  Drone x3  
  26  3:30  Zergling x6  
  29  3:57  Queen  
  29  3:59  Drone x3  
  34  4:34  Drone x4  
  34  4:36  Zergling x8  
  42  4:38  Overlord  
  42  4:39  Overlord x3  
  42  4:46  Extractor  
  41  4:53  Extractor  
  40  5:08  Roach Warren  
  39  5:20  Evolution Chamber  
  38  5:31  Drone  
  38  5:32  Drone x5  
  44  5:44  Drone x2  
  44  5:45  Drone  
  44  5:49  Queen  
  49  6:05  Lair  
  49  6:12  Zerg Melee Weapons Level 1  
  49  6:28  Drone x7  
  49  6:29  Drone x7  
  63  6:55  Extractor  
  63  6:57  Extractor  
  61  7:05  Extractor  
  60  7:09  Spore Crawler  
  59  7:16  Spine Crawler  
  58  7:30  Hatchery  
  58  7:35  Overlord x2  
  58  7:37  Drone x11  
  58  7:38  Drone x3  
  58  7:42  Overlord  
  71  8:06  Infestation Pit  
  71  8:08  Zerg Melee Weapons Level 2  
  71  8:10  Evolution Chamber  
  65  8:33  Roach x7  
  65  8:34  Roach x4  
  65  8:59  Drone  
  65  9:00  Drone x8  
  74  9:14  Zerg Ground Armor Level 1  
  74  9:20  Hive  
  74  9:31  Drone  
  74  9:32  Drone x2  
  74  9:34  Queen  
  79  9:39  Overlord x6  
  79  10:12  Spore Crawler  
  78  10:20  Spine Crawler  
  77  10:33  Zerg Melee Weapons Level 3  
  77  10:52  Drone x6  
  83  11:08  Ultralisk Cavern  
  82  11:48  Drone x5  
  85  12:13  Ultralisk x7  
  127  12:16  Overlord  
  127  12:17  Overlord x3  
  127  12:18  Overlord x4  
  127  12:30  Anabolic Synthesis  
  127  12:34  Zerg Ground Armor Level 2  
  127  13:04  Ultralisk  
  127  13:05  Ultralisk  
  139  13:11  Extractor  
  138  13:13  Chitinous Plating  
  138  13:23  Zergling x28  
  138  13:24  Zergling x32  
  62  14:56  Drone x12  
  62  14:57  Drone x3  
Show
View Real Time Build Order
Export as new Build Order

BigGoober Terran 

Build Orders:  

Get SALT Encoding   

  12  0:01  SCV  
  13  0:13  SCV  
  14  0:25  SCV  
  15  0:31  Refinery, Supply Depot  
  15  0:53  SCV  
  16  0:57  Supply Depot  
  16  0:58  Barracks  
  16  1:10  SCV  
  17  1:22  SCV  
  17  1:24  Barracks  
  18  1:34  SCV  
  18  1:39  Engineering Bay  
  19  2:02  Barracks Reactor  
  19  2:12  Supply Depot  
  19  2:19  Factory  
  19  2:22  Refinery  
  19  2:24  Barracks Tech Lab  
  19  2:26  Barracks  
  19  2:32  Orbital Command  
  19  2:41  Marine x2  
  21  2:59  Marine x2  
  23  3:06  Marauder  
  23  3:08  Factory Tech Lab  
  23  3:23  Marine  
  23  3:24  Marine  
  23  3:41  Marine x2  
  25  3:51  Siege Tank  
  25  3:52  Supply Depot  
  25  3:55  Barracks Reactor  
  28  3:58  SCV  
  28  3:59  Marine x2  
  31  4:10  SCV  
  31  4:12  Marauder  
  34  4:22  SCV  
  35  4:26  Marine x2  
  37  4:34  SCV  
  38  4:46  SCV  
  38  4:52  Marine x2  
  41  5:02  Command Center  
  41  5:21  Siege Tank  
  41  5:23  Marine  
  41  5:24  Marine  
  46  5:39  Marine, Starport  
  47  5:53  Supply Depot  
  47  6:13  Marine x4, SCV, Siege Tank  
  47  6:16  Supply Depot  
  55  6:21  Terran Infantry Weapons Level 1  
  55  6:31  Marine x4  
  59  6:35  Orbital Command  
  59  6:45  Starport Reactor  
  59  6:49  Marine, Stimpack  
  60  7:09  Marine x3, Marauder  
  60  7:14  Armory  
  65  7:24  Medivac  
  65  7:26  Medivac  
  69  7:36  SCV  
  70  7:46  Refinery  
  70  7:48  SCV  
  71  8:01  Marine x2, SCV  
  71  8:02  Supply Depot  
  71  8:03  Marine x2  
  76  8:06  Marauder  
  78  8:16  Terran Infantry Armor Level 1  
  78  8:24  Viking x2, SCV  
  78  8:25  Supply Depot  
  83  8:35  Refinery  
  83  8:36  SCV  
  84  8:42  Missile Turret  
  84  8:48  SCV  
  84  8:50  Supply Depot  
  85  9:00  SCV  
  85  9:02  Missile Turret  
  86  9:12  SCV  
  86  9:15  Marine x4, Marauder  
  86  9:16  Sensor Tower  
  93  9:27  SCV  
  93  9:28  Missile Turret  
  94  9:33  Marine x3  
  94  9:37  Marauder  
  99  9:39  SCV  
  99  9:44  Sensor Tower  
  100  9:51  SCV  
  101  10:03  SCV  
  101  10:06  Supply Depot  
  102  10:09  Command Center  
  102  10:14  Viking x2  
  106  10:15  SCV  
  107  10:29  Supply Depot  
  107  10:30  Terran Infantry Weapons Level 2  
  107  10:33  Thor  
  113  10:38  Terran Vehicle Weapons Level 1  
  113  10:51  Medivac  
  113  10:52  Supply Depot, Medivac  
  116  12:23  Thor  
  116  12:28  Marine x4, Marauder  
  128  12:32  Terran Vehicle And Ship Armor Level 1  
  128  12:45  Terran Infantry Armor Level 2, SCV  
  128  12:46  Marine x4  
  128  12:50  Orbital Command, Marauder  
  135  12:58  SCV  
  136  13:03  Marine  
  136  13:04  Marine x3  
  140  13:06  Siege Tank  
  140  13:10  Marine, SCV  
  145  13:20  SCV  
  145  13:21  Marine  
  145  13:22  Marine x3, SCV  
  145  13:25  Refinery  
  151  13:28  Marine, Refinery  
  151  13:33  SCV  
  153  13:38  Siege Tank  
  153  13:39  Marine  
  157  13:49  Marine x4, SCV  
  162  13:57  Marine  
  162  14:01  SCV  
  164  14:07  Marine  
  165  14:41  Marine, SCV x2  
  165  14:42  Marine x2  
Tags
 
Add a new tag
Caveats
  • Supply blocks, unpowered buildings, or Contaminate may cause inaccurate times.
  • Supply counts are checked every 10 seconds.